Map: Para Site LE

Players

Perfection - Winner!

  • Race: Protoss Protoss
  • League: Master
  • Spawn Location: 5:00

Creator

  • Race: Protoss Protoss
  • League: Master
  • Spawn Location: 11:00

VOD

https://www.youtube.com/watch?v=TNqBRldzxbw

Description

Creator vs 3D!HydraOrc - Para Site LE - PvP

Time

  • Played on: Jan. 16, 2019, 1:55 a.m.
  • Length: 9:41
Show
View Real Time Build Order
Export as new Build Order

Perfection Protoss - Winner!

Build Orders: Archon Immortal, Zealot Archon, Zealot Charge 

Get SALT Encoding   

  12  0:00  Probe  
  13  0:12  Probe  
  14  0:18  Pylon  
  14  0:24  Probe  
  15  0:35  Probe  
  15  0:37  Gateway  
  16  0:43  Probe, Assimilator  
  17  0:51  Probe  
  17  0:53  Assimilator  
  18  1:03  Probe  
  19  1:09  Gateway  
  19  1:15  Probe  
  20  1:24  Cybernetics Core  
  20  1:27  Probe  
  21  1:36  Pylon  
  21  1:39  Probe  
  22  1:49  Warp Gate  
  22  1:54  Probe  
  25  2:01  Sentry  
  25  2:06  Stalker  
  27  2:12  Probe  
  28  2:24  Probe  
  28  2:27  Pylon, Stalker  
  30  2:40  Robotics Facility  
  30  2:45  Stalker  
  32  2:53  Shield Battery  
  32  2:57  Stalker  
  34  3:04  Shield Battery  
  34  3:27  Nexus  
  34  3:52  Stalker x2  
  38  3:55  Pylon  
  38  4:06  Immortal  
  38  4:08  Probe  
  37  4:16  Sentry  
  43  4:25  Probe  
  44  4:36  Pylon  
  44  4:37  Probe  
  45  4:43  Observer  
  46  4:46  Probe  
  46  4:49  Probe  
  46  4:51  Forge  
  48  4:56  Shield Battery  
  48  4:58  Probe  
  49  5:01  Immortal  
  49  5:02  Probe  
  50  5:10  Probe  
  50  5:11  Protoss Ground Weapons Level 1  
  50  5:14  Probe  
  56  5:22  Probe  
  56  5:26  Probe  
  58  5:35  Twilight Council  
  58  5:39  Probe x2  
  58  5:40  Pylon  
  58  5:42  Assimilator  
  60  5:45  Pylon  
  60  5:46  Assimilator  
  60  5:54  Pylon  
  60  5:55  Probe x2  
  62  5:59  Shield Battery x2  
  62  6:07  Probe x2  
  64  6:12  Gateway  
  64  6:14  Gateway  
  64  6:22  Immortal  
  64  6:26  Probe x2  
  70  6:33  Charge  
  70  6:34  Protoss Ground Weapons Level 2  
  70  6:38  Probe, Templar Archives  
  71  6:40  Probe  
  72  6:52  Zealot x2  
  76  7:01  Gateway  
  76  7:05  Gateway  
  76  7:15  Gateway  
  76  7:17  Gateway  
  76  7:19  Probe x2  
  78  7:33  Nexus  
  78  7:35  Pylon  
  78  7:37  Zealot  
  78  7:39  Zealot  
  83  7:44  Observer  
  83  7:48  Probe x2  
  83  7:49  Zealot  
  87  8:00  Probe, Photon Cannon, High Templar x2  
  87  8:02  Shield Battery, High Templar  
  87  8:04  High Templar  
  96  8:05  Archon  
  96  8:08  Archon  
  96  8:14  Probe x2  
  98  8:22  Assimilator  
  98  8:24  Immortal  
  98  8:26  Assimilator  
  102  8:30  Pylon  
  102  8:32  Pylon  
  102  8:45  Probe x2  
  102  8:47  Pylon  
  104  8:50  Pylon  
  104  8:52  High Templar x4  
  112  8:56  Archon x2  
  112  8:58  Shield Battery  
  112  8:59  Shield Battery  
  112  9:01  Zealot  
  112  9:02  Zealot  
  116  9:08  Shield Battery  
  114  9:11  High Templar x2  
  114  9:15  Archon  
  114  9:16  Shield Battery  
  112  9:24  Zealot x2  
  112  9:25  Zealot x4  
Show
View Real Time Build Order
Export as new Build Order

Creator Protoss 

Build Orders: Archon Immortal, Blink Stalkers, Zealot Archon 

Get SALT Encoding   

  12  0:01  Probe  
  13  0:13  Probe  
  14  0:19  Pylon  
  14  0:25  Probe  
  15  0:34  Probe  
  15  0:39  Gateway  
  16  0:44  Probe  
  16  0:45  Assimilator  
  17  0:53  Probe  
  18  0:57  Assimilator  
  18  1:05  Probe  
  18  1:11  Gateway  
  19  1:17  Probe  
  20  1:27  Cybernetics Core  
  20  1:29  Probe  
  21  1:40  Pylon  
  21  1:41  Probe  
  22  1:53  Probe  
  23  1:54  Stalker x2  
  23  2:05  Warp Gate  
  27  2:24  Stalker x2  
  27  2:28  Pylon  
  31  2:52  Shield Battery  
  31  2:54  Stalker x2  
  35  3:16  Pylon  
  35  3:18  Robotics Facility  
  35  3:42  Nexus  
  35  3:51  Probe  
  36  4:02  Twilight Council  
  36  4:05  Probe  
  36  4:09  Blink, Observer  
  36  4:14  Probe  
  36  4:22  Probe  
  38  4:35  Observer  
  38  4:37  Probe  
  38  4:49  Probe  
  38  4:51  Shield Battery  
  39  4:54  Pylon  
  39  4:58  Stalker  
  39  4:59  Stalker  
  43  5:00  Probe  
  43  5:01  Probe  
  43  5:02  Immortal  
  49  5:12  Probe  
  49  5:13  Probe  
  51  5:24  Probe  
  51  5:26  Probe  
  53  5:36  Probe  
  53  5:38  Probe, Stalker x2  
  59  5:43  Pylon  
  59  5:48  Probe  
  60  5:50  Probe, Gateway  
  60  5:51  Charge  
  60  5:52  Assimilator  
  61  5:58  Pylon  
  61  6:00  Probe, Immortal  
  61  6:02  Probe  
  67  6:07  Forge  
  67  6:12  Probe  
  68  6:25  Probe x2  
  70  6:28  Assimilator  
  70  6:30  Protoss Ground Weapons Level 1  
  70  6:37  Probe  
  70  6:39  Gateway  
  71  6:41  Gateway  
  71  6:43  Templar Archives  
  71  6:51  Probe x2  
  71  7:11  Gateway  
  71  7:13  Gateway  
  71  7:15  Gateway  
  71  7:20  Immortal  
  71  7:21  Pylon  
  71  7:22  Pylon  
  75  7:23  High Templar x2  
  79  7:32  Zealot  
  81  7:40  Pylon  
  81  7:50  Pylon  
  81  7:51  Zealot  
  81  7:52  Zealot  
  81  7:56  High Templar x2, Archon  
  81  7:57  Zealot  
  91  7:59  Warp Prism  
  91  8:02  Pylon  
  91  8:05  Archon  
  93  8:14  Pylon  
  93  8:15  High Templar  
  93  8:17  Zealot x5  
  105  8:36  High Templar  
  105  8:37  Zealot x3  
  105  8:41  Archon  
  112  8:42  Pylon  
  112  9:06  Zealot x7  
  112  9:09  Zealot  
  120  9:27  Zealot x7  
Tags
 
Add a new tag
Caveats
  • Supply blocks, unpowered buildings, or Contaminate may cause inaccurate times.
  • Supply counts are checked every 10 seconds.